 Dungeon Crawl Stone Soup version 0.31-a0-196-g86fe4a5e66 (webtiles) character file.

Game seed: 255832495987060843

76 qw the Shooter (level 4, -7/25 HPs)
             Began as a Deep Elf Hunter on June 24, 2023.
             Shot with an arrow by a centaur (9 damage)
             ... on level 3 of the Dungeon.
             The game lasted 00:00:38 (1288 turns).

qw the Shooter (Deep Elf Hunter)                    Turns: 1288, Time: 00:00:38

Health: -7/25      AC:  4    Str: 10    XL:     4   Next: 12%
Magic:  6/6        EV: 12    Int: 14    God:
Gold:   159        SH:  0    Dex: 18    Spells: 3/3 levels left

rFire   . . .        Y - +0 shortbow
rCold   . . .        (shield currently unavailable)
rNeg    . . .        c - +0 leather armour
rPois   .            a - +1 hat
rElec   .            (no cloak)
rCorr   .            (no gloves)
SInv    .            (no boots)
Will    .....        (no amulet)
Stlth   ++           (no ring)
HPRegen 0.24/turn    (no ring)
MPRegen 0.10/turn

%: no passive effects
@: no status effects
A: no striking features
a: no special abilities


You were on level 3 of the Dungeon.
You visited 1 branch of the dungeon, and saw 3 of its levels.

You collected 159 gold pieces.


   Skills:
 - Level 1.5 Fighting
 + Level 7.5 Ranged Weapons
 - Level 2.4 Dodging
 - Level 1.2 Stealth


You had 3 spell levels left.
You didn't know any spells.
Your spell library was empty.

Inventory:

Hand Weapons
 Y - a +0 shortbow (weapon)
Armour
 a - a +1 hat (worn)
 c - a +0 leather armour (worn)
 f - a +2 pair of boots
Scrolls
 h - a scroll of identify
Potions
 b - a potion of haste {unknown}
 d - 2 potions of curing
 e - a potion of might {unknown}
 g - a potion of ambrosia {unknown}

Dungeon Overview and Level Annotations

Branches:
Dungeon (3/15)

Altars:

Shops:
D:2 :


Message History

You climb downwards.
There is a stone staircase leading up here.
Waypoint 2 assigned to D:3.
Found a robe.
You now have 145 gold pieces (gained 5).
A quokka comes into view.
You see here 11 gold pieces.
You shoot an arrow. The arrow hits the quokka.
The quokka is severely wounded.
You shoot an arrow. The arrow hits the quokka.
You kill the quokka!
You now have 156 gold pieces (gained 11).
f - a +2 pair of boots You now have 159 gold pieces (gained 3).
A kobold comes into view. It is wielding a +0 club.
Found 5 poisoned darts.
You shoot an arrow. The arrow hits the kobold!
You kill the kobold!
A ball python comes into view.
Found a falchion.
Enter note: You shoot an arrow.
The arrow hits the ball python!
You kill the ball python!
Found a stone staircase leading down.
Enter note: You see here a +0 falchion.
A centaur comes into view.
Found a stone staircase leading up.
The centaur shouts!
Enter note:
Enter note: You shoot an arrow.
The arrow hits the centaur but does no damage.
The centaur wields a +0 shortbow.
The centaur shoots an arrow.
The arrow hits you!
The centaur shoots an arrow.
The arrow hits you!
You shoot an arrow. The arrow hits the centaur.
The centaur is lightly wounded.
The centaur shoots an arrow.
The arrow hits you.
The centaur shoots an arrow.
The arrow hits you!
You die...

...#######.# ##
#.#.###.## ..........#
<.. ..#.#...##
......(.#.# .c#
..#.##....
..#)#...#####..#
..#.##....
#.......#..###....##....
##.####......# #####
#....#......# #
####).#...# # ##.@# #
##.# # #... # ##>...
#####


You could see a centaur.

Vanquished Creatures
  An adder (D:2)
  A worm (D:2)
  3 dart slugs
  7 bats
  3 endoplasms
  A giant cockroach (D:2)
  4 goblins
  3 hobgoblins
  6 jackals (D:1)
  4 kobolds
  7 quokkas
  5 ball pythons
  5 frilled lizards
  A rat (D:1)
51 creatures vanquished.

Notes
Turn   | Place    | Note
-------+----------+-------------------------------------------
     0 | D:1      | qw the Deep Elf Hunter began the quest for the Orb.
     0 | D:1      | Reached XP level 1. HP: 12/12 MP: 3/3
     0 | D:1      | 0 ||| qw: Version: 0.3-a-9-g12657ce
     0 | D:1      | 0 ||| qw: Game counter: 4814
     0 | D:1      | 0 ||| qw: Always use a shield: true
     0 | D:1      | 0 ||| qw: God list: Okawaru
     0 | D:1      | 0 ||| qw: Allow faded altars: false
     0 | D:1      | 0 ||| qw: Do Orc after D:15 true
     0 | D:1      | 0 ||| qw: Do second Lair branch before Depths: true
     0 | D:1      | 0 ||| qw: Lair rune preference: random
     0 | D:1      | 0 ||| qw: Plans: Normal
     0 | D:1      | 0 ||| PLANNING D:1-11
   137 | D:1      | Reached XP level 2. HP: 16/16 MP: 4/4
   142 | D:1      | Reached skill level 6 in Ranged Weapons
   179 | D:1      | 179 ||| FLEEEEING.
   180 | D:1      | 180 ||| FLEEEEING.
   469 | D:1      | Reached XP level 3. HP: 20/20 MP: 5/5
   603 | D:1      | 603 ||| READING scroll labelled UHEANU KEIF.
   606 | D:1      | 606 ||| READING scroll labelled JADDETHR KISI.
   642 | D:1      | 642 ||| READING scroll labelled BYALAESANO.
   643 | D:1      | 643 ||| READING scroll labelled GEDIXA ZARINUU.
   644 | D:1      | 644 ||| READING scroll labelled GIN SAKEHUIN.
   645 | D:1      | 645 ||| DROPPING scroll of butterflies.
   716 | D:2      | Found Keippa Piysa's Book Shop.
   759 | D:2      | Reached skill level 7 in Ranged Weapons
  1008 | D:2      | Reached XP level 4. HP: 25/25 MP: 6/6
  1104 | D:2      | Found a faded altar of an unknown god.
  1167 | D:2      | 1167 ||| UPGRADING to +1 hat.
  1172 | D:2      | 1172 ||| READING scroll labelled KALEHU QOU.
  1173 | D:2      | 1173 ||| DRINKING 3 sedimented cyan potions.
  1286 | D:3      | Noticed a centaur
  1288 | D:3      | HP: 2/25 [centaur/arrow (6)]
  1288 | D:3      | Shot with an arrow by a centaur

Levels and vault maps discovered:
D:1:      spicycebolla_green_bress_n_ham, layout_rooms
D:2:      layout_basic, serial_forest, infiniplex_forest_clump_diagonal,
          infiniplex_forest_clump_curved, infiniplex_forest_lined_room_,
          infiniplex_forest_side_room, infiniplex_forest_zigzag_1,
          infiniplex_forest_straight_5, shapermc_ecumenical_altar_mp_vishouse,
          serial_shops, nicolae_shop_waterfront, minmay_tall_x
D:3:      layout_basic, mainiacjoe_overflow_small_starburst

Skill      XL: |  1  2  3 |
---------------+----------+-----
Ranged Weapons | 6 7 |  7.5
Fighting       | |  1.5
Dodging        | |  2.4
Stealth        | |  1.2

Action                     |  1- 3 |  4- 6 || total
---------------------------+-------+-------++-------
   Fire: Shortbow          |   126 |    10 ||   136
    Use: Scroll            |     5 |     1 ||     6
         Potion            |       |     1 ||     1
 Armour: Leather armour    |     9 |       ||     9
  Dodge: Dodged            |    27 |     1 ||    28

Table legend:
 A = Non-vault XP
 B = Vault XP
 C = Vault XP percentage of total XP
 D = Non-vault monster count
 E = Vault monster count
 F = Vault count percentage of total count
                 A         B        C        D         E       F
            +---------+---------+-------+---------+---------+-------
      Total |      87 |      22 |  20.2 |      47 |       4 |   7.8
            +---------+---------+-------+---------+---------+-------
        D:1 |      53 |       0 |   0.0 |      28 |       0 |   0.0
        D:2 |      29 |      22 |  43.1 |      16 |       4 |  20.0
        D:3 |       5 |       0 |   0.0 |       3 |       0 |   0.0
            +---------+---------+-------+---------+---------+-------
